 Dungeon Crawl Stone Soup version 0.29-a0-330-g52719c12eb (webtiles) character file.

Game seed: 3565536795310204773

217 kae the Firebug (level 5, -2/33 HPs)
             Began as an Octopode Fire Elementalist on Apr 16, 2022.
             Slain by an adder (3 damage)
             ... on level 4 of the Dungeon.
             The game lasted 00:02:23 (4047 turns).

kae the Firebug (Octopode Fire Elementalist)        Turns: 4047, Time: 00:02:24

Health: -2/33      AC:  1    Str: 13    XL:     5   Next: 94%
Magic:  4/8        EV: 13    Int: 19    God:
Gold:   87         SH:  0    Dex: 13    Spells: 3/9 levels left

rFire   . . .      SeeInvis .   j - +2 dagger (venom)
rCold   . . .      Faith    .   (no shield)
rNeg    . . .      Spirit   .   (helmet restricted)
rPois   .          Reflect  .   (no amulet)
rElec   .          Harm     .   h - +6 ring of strength
rCorr   .          Rampage  .   (no ring)
Will    .....                   (no ring)
Stlth   +++.......              (no ring)
HPRegen 0.11/turn               (no ring)
MPRegen 0.11/turn               (no ring)
                                (no ring)
                                (no ring)

@: lethally poisoned (-2 -> -5)
A: almost no armour, amphibious, 8 rings, camouflage 1, gelatinous body 1,
(nimble swimmer 1), tentacles
a: no special abilities


You were on level 4 of the Dungeon.
You visited 1 branch of the dungeon, and saw 4 of its levels.

You collected 87 gold pieces.

Inventory:

Hand Weapons
 c - a +0 spear
 j - a +2 dagger of venom (weapon)
Missiles
 b - a throwing net
Jewellery
 d - an amulet of regeneration
 h - a +6 ring of strength (left tentacle)
Scrolls
 g - 2 scrolls of teleportation
 i - a scroll of brand weapon {unknown}
 m - a scroll of identify
Potions
 a - 2 potions of magic
 e - 2 potions of ambrosia {unknown}
 f - 2 potions of mutation
 k - a potion of flight


   Skills:
 + Level 1.6 Fighting
 + Level 2.8 Dodging
 + Level 4.0 Stealth
 + Level 2.6 Spellcasting
 + Level 2.2 Conjurations
 * Level 4.3 Fire Magic


You had 3 spell levels left.
You knew the following spells:

 Your Spells              Type           Power      Damage    Failure   Level
a - Foxfire               Conj/Fire      60%        2x1d7     4%          1
b - Scorch                Fire           38%        2d6       4%          2
c - Conjure Flame         Conj/Fire      15%        6-21      12%         3

Your spell library contained the following spells:

 Spells                   Type           Power      Damage    Failure   Level
 Inner Flame              Hex/Fire       10%        N/A       19%         3
 Poisonous Vapours        Pois/Air       4%         N/A       24%         2
 Ignite Poison            Fire/Tmut/Pois 8%         N/A       26%         3
 Mephitic Cloud           Conj/Pois/Air  5%         N/A       34%         3
 Spider Form              Tmut/Pois      2%         N/A       43%         3
 Flame Wave               Conj/Fire      15%        2d6       38%         4
 Leda's Liquefaction      Hex/Erth       1%         N/A       85%         4
 Freezing Cloud           Conj/Ice/Air   2%         6-21      97%         5


Dungeon Overview and Level Annotations

Branches:
Dungeon (4/15)
 Temple: D:4-7

Altars:
Yredelemnul
Zin

Shops:
D:1 ?

Annotations:
D:2 Terence
D:3 Sigmund


Innate Abilities, Weirdness & Mutations

You cannot wear most types of armour.
You are amphibious.
You can wear up to eight rings at the same time.
Your skin changes colour to match your surroundings (Stealth+).
Your rubbery body absorbs attacks. (AC +1, EV +1)
((You are camouflaged when in or above water. (Stealth+)))
You have tentacles for arms and can constrict up to eight enemies at once.


Message History

Blork the orc hits you with a +0 morningstar!
* * * LOW HITPOINT WARNING * * *
You hit Blork the orc.
Blork the orc looks as sick as possible!
Blork the orc is severely wounded.
You constrict Blork the orc. The adder closely misses you.
Blork the orc barely misses you. The adder bites you.
* * * LOW HITPOINT WARNING * * *
Okay, then.
You hit Blork the orc.
Blork the orc looks as sick as possible!
You squeeze Blork the orc.
You kill Blork the orc!
The adder bites you but does no damage.
The kobold throws a stone.
The stone closely misses you.
The stone closely misses the adder.
Your Stealth skill increases to level 4!
Unknown command.
You barely miss the adder. Your grab misses the adder.
The adder barely misses you. The adder closely misses you. x2
Unknown command.
You feel better. The adder misses you.
You barely miss the adder. Your grab misses the adder.
The adder closely misses you.
The kobold hits you with a +0 short sword.
You hit the adder.
The adder is poisoned.
Your grab misses the adder. Your squeeze misses the adder.
The adder is lightly wounded.
The adder bites you.
* * * LOW HITPOINT WARNING * * *
You are poisoned.
The adder poisons you!
The kobold hits you with a +0 short sword.
* * * LOW HITPOINT WARNING * * *
You completely miss the adder. You grab the adder.
The adder is lightly wounded.
You constrict the adder.
* * * LOW HITPOINT WARNING * * *
You feel sick. The adder bites you.
You die...

....o....#
.........#
#n.....|.###
#..........###
####.#####..!# #
##K###
###.)######
#...#K....##
.....##@S.....##
#...##.(.......#
.... #..<......#
#.. #.........#
.. #....<....#
#.........#
#.........##
............#
............#


You could see an adder (very poisoned) and a kobold.

Vanquished Creatures
  Blork the orc (D:4)
  Natasha (D:3)
  Robin (D:3)
  4 gnolls
  An adder (D:4)
  A dart slug (D:1)
  An orc (D:3)
  5 ball pythons
  3 endoplasms
  3 giant cockroaches
  12 goblins
  4 hobgoblins
  A quokka (D:3)
  5 bats (D:1)
  4 frilled lizards
  6 kobolds
  8 rats
61 creatures vanquished.

Vanquished Creatures (others)
  171 foxfires
171 creatures vanquished.

Grand Total: 232 creatures vanquished

Notes
Turn   | Place    | Note
-------+----------+-------------------------------------------
     0 | D:1      | kae the Octopode Fire Elementalist began the quest for the
                  | Orb.
     0 | D:1      | Reached XP level 1. HP: 11/11 MP: 3/3
   140 | D:1      | Reached XP level 2. HP: 17/17 MP: 0/5
   205 | D:1      | Found Uphir's Magic Scroll Shop.
   225 | D:1      | Found a faded altar of an unknown god.
   580 | D:1      | Learned a level 2 spell: Scorch
   849 | D:1      | Reached XP level 3. HP: 22/22 MP: 3/6
   889 | D:1      | Learned a level 3 spell: Conjure Flame
  1488 | D:2      | Got the Disquisition on Ashen Poisoning
  1734 | D:2      | Found a glowing silver altar of Zin.
  1737 | D:2      | Noticed Terence
  2548 | D:2      | Reached skill level 1 in Fighting
  2548 | D:2      | Reached XP level 4. HP: 13/28 MP: 0/7
  2821 | D:3      | Found a basalt altar of Yredelemnul.
  3203 | D:3      | Noticed Robin
  3206 | D:3      | Noticed Natasha
  3252 | D:3      | Killed Robin
  3462 | D:3      | Noticed Sigmund
  3804 | D:3      | Killed Natasha
  3805 | D:3      | Reached XP level 5. HP: 20/33 MP: 1/8
  4023 | D:4      | Noticed Blork the orc
  4041 | D:4      | Killed Blork the orc
  4047 | D:4      | HP: 1/33 [poisoned by an adder]
  4047 | D:4      | Slain by an adder

Illustrated notes

Levels and vault maps discovered:
D:1:      zaba_arrival_water, layout_loops_ring,
          shapermc_ecumenical_altar_mp_highgroup, serial_shops, shop
D:2:      layout_loops_ring, basic_altar, uniq_terence
D:3:      layout_basic, mainiacjoe_overflow_alcove_2,
          minmay_fractal_squares_diagonal_5, uniq_robin, uniq_natasha,
          uniq_crazy_yiuf_cottage, uniq_sigmund
D:4:      layout_rooms, uniq_blork_the_orc

Skill      XL: |  1  2  3  4  5 |
---------------+----------------+-----
Stealth        | 3 4 |  4.0
Fighting       | 1 |  1.6
Fire Magic     | 4 |  4.3
Conjurations   | 2 |  2.2
Dodging        | |  2.8
Spellcasting   | |  2.6

Action                   |  1- 3 |  4- 6 || total
-------------------------+-------+-------++-------
Melee: Constrict         |     5 |     3 ||     8
       Unarmed           |     1 |       ||     1
       Spear             |    19 |       ||    19
       Dagger            |       |    12 ||    12
       Tentacles         |       |     3 ||     3
 Cast: Foxfire           |    64 |    44 ||   108
       Scorch            |     7 |     7 ||    14
  Use: Potion            |     3 |     1 ||     4
       Scroll            |     5 |     1 ||     6
Armor: Skin              |     5 |     2 ||     7
Dodge: Dodged            |    24 |    21 ||    45

Table legend: (Time is in decaauts)
 A = Elapsed time spent in this place.
 B = Non-inter-level travel time spent in this place.
 C = Inter-level travel time spent in this place.
 D = Time resting spent in this place.
 E = Time spent auto-exploring this place.
 F = Levels seen in this place.
 G = Mean time per level.
                   A        B        C        D        E       F      G
               +--------+--------+--------+--------+--------+-----+--------+
         Total |   4049 |   3895 |    154 |    408 |   2960 |   4 | 1012.2 |
       Dungeon |   4049 |   3895 |    154 |    408 |   2960 |   4 | 1012.2 |
               +--------+--------+--------+--------+--------+-----+--------+

Top non-repeatable levels by time:
     D:2: 1345 daAuts
     D:1: 1341 daAuts
     D:3: 1288 daAuts
     D:4: 73 daAuts
